 Dungeon Crawl Stone Soup version 0.15.2 (webtiles) character file.

16 glosham the Skirmisher (level 2, 0/24 HPs)
             Began as a Mummy Death Knight on Apr 2, 2018.
             Was a Follower of Yredelemnul.
             Killed from afar by Natasha (4 damage)
             ... with a magic dart
             ... on Level 3 of the Dungeon.
             The game lasted 00:05:12 (372 turns).

glosham the Skirmisher (Mummy Death Knight)          Turns: 372, Time: 00:05:12

HP   0/24        AC  6     Str 16      XL: 2   Next: 37%
MP   2/2         EV  9     Int 10      God: Yredelemnul [*.....]
Gold 55          SH  0     Dex 11      Spells:  0 memorised,  1 level left

rFire  x . .     SeeInvis .     a - +1 mace
rCold  + . .     Clarity  .     h - +0 ring mail
rNeg   + + +     rCorr    .     (no shield)
rPois  +         rRot     +     (no helmet)
rElec  .         Spirit   .     (no cloak)
SustAb .         Warding  .     g - +0 pair of gloves
rMut   .         Stasis   .     (no boots)
Gourm  .                        (no amulet)
MR     .....                    (no ring)
                                (no ring)

@: not resistant to hostile enchantments, very unstealthy
A: no food or potions, fire vulnerability, restore body, cold resistance 1,
negative energy resistance 3, poison resistance, torment resistance, unbreathing
a: Animate Remains, Renounce Religion


You were on level 3 of the Dungeon.
You worshipped Yredelemnul.
Yredelemnul was aware of your devotion.
You were not hungry.

You visited 1 branch of the dungeon, and saw 3 of its levels.

You collected 55 gold pieces.

Inventory:

Hand weapons
 a - a +1 mace (weapon)
 b - a +0 hunting sling
 d - a +0 dagger
 i - a +0 mace
 o - a +0 short sword
 p - a +0 club
Missiles
 f - 14 sling bullets
Armour
 e - a +0 leather armour
 g - a +0 pair of gloves (worn)
 h - a +0 ring mail (worn)
 j - a +0 leather armour
 m - a +0 robe
Scrolls
 c - a scroll of amnesia
 l - a scroll of immolation


   Skills:
 * Level 3.1 Fighting
 - Level 1.5 Maces & Flails
 - Level 0.7 Armour
 - Level 0.7 Dodging
 - Level 2.4 Invocations


You had one spell level left.
You didn't know any spells.

Dungeon Overview and Level Annotations

Branches:
Dungeon (3/15)

Altars:

Annotations:
D:3 Natasha


Innate Abilities, Weirdness & Mutations

You do not eat or drink.
Your flesh is vulnerable to fire.
Your flesh is cold resistant.
You are immune to negative energy.
Your system is resistant to poisons.
You are immune to unholy pain and torment.
You can survive without breathing.


Message History

You hit the goblin.
The goblin is lightly wounded.
The goblin barely misses you.
You hit the goblin.
The goblin is moderately wounded.
The goblin barely misses you.
You thump the goblin!
You kill the goblin!
Yredelemnul accepts your kill.
You see here a club.
p - a club You see here a fizzy inky potion.
Natasha, Servant of Life and Death comes into view.
Natasha hisses angrily.
Natasha casts a spell at you. The magic dart hits you!
* * * LOW HITPOINT WARNING * * *
Read which item? (? for menu, Esc to quit)
As you read the scroll labeled PNUM LUJUESIUWE, it crumbles to dust.
It is a scroll of identify.
Identify which item? (\ to view known items) (? for menu, Esc to quit)
c - a scroll of amnesia Read which item? (? for menu, Esc to quit)
Identify which item? (\ to view known items) (? for menu, Esc to quit)
As you read the scroll of identify, it crumbles to dust.
l - a scroll of immolation Read which item? (? for menu, Esc to quit)
As you read the scroll labeled ZEPOLO PUAGOGEQE, it crumbles to dust.
You feel aware of your surroundings.
You sensed 1 altar.
It was a scroll of magic mapping.
Adjust (i)tems, (s)pells, or (a)bilities?
Adjust which ability?
No such ability.
Natasha casts a spell.
Found 2 fruits.
Found a scroll of identify.
Natasha stares at you and mumbles some strange words.
The magic dart hits you!
You die...
Yredelemnul claims you as an undead slave.

,**,***,,,*** *,...,,,,,..#
,,,,**,,,** **#.#*****#.#
*****,,,** #.# #.# ,,,,,,,** #.#
#.# ,,,,,,,* #.# #####.# ,,,,,,,*
#.###...#.#### **,**,**
#.##.#*#...h..
*,**,**############..h.# #.....5
**,**,,,....?.%.@....##.###.#####
**,*****############.###...##
*,,,,,,* #.###..## **,***,*
#!.....####### **,* *,*
#####.#...!... ,,,* *,*
#.#.###### **** *,* #####.#.# *,*
#.....#.# ###***,* #.#####.#


You could see Natasha.

Vanquished Creatures
  An adder (D:3)
  A giant gecko (D:1)
  2 bats
  A goblin (D:3)
  A giant newt (D:2)
  A kobold (D:1)
  A rat (D:1)
8 creatures vanquished.

Notes
Turn   | Place    | Note
--------------------------------------------------------------
     0 | D:1      | glosham, the Mummy Death Knight, began the quest for the Orb.
     0 | D:1      | Reached XP level 1. HP: 16/16 MP: 1/1
   269 | D:3      | Reached skill level 3 in Fighting
   269 | D:3      | Reached XP level 2. HP: 8/24 MP: 2/2
   347 | D:3      | Noticed Natasha
   348 | D:3      | HP: 2/24 [Natasha/magic dart (11)]
   372 | D:3      | Killed from afar by Natasha

Action                   || total
-------------------------++-------
Melee: Mace              ||    26
 Fire: Hunting sling     ||    10
  Use: Scroll            ||     3

Table legend:
 A = Turns spent in this place as a percentage of turns spent in the entire game.
 B = Non-inter-level travel turns spent in this place as a percentage of non-inter-level travel turns spent in the entire game.
 C = Inter-level travel turns spent in this place as a percentage of turns spent in this place.
 D = Turns resting spent in this place as a percentage of non-inter-level travel turns spent in this place.
 E = Turns spent auto-exploring this place as a percentage of non-inter-level travel turns spent in this place.
 F = Non-inter-level travel turns spent in this place divided by the number of levels of this place that you've seen.
                   A       B       C       D       E      F
               +-------+-------+-------+-------+-------+----------------------
         Total | 100.0 | 100.0 |   0.0 |   0.0 |   0.0 |  95.0
       Dungeon | 100.0 | 100.0 |   0.0 |   0.0 |   0.0 |  95.0
               +-------+-------+-------+-------+-------+----------------------

Table legend:
 A = Kills in this place as a percentage of kills in entire the game.
 B = Kills by you in this place as a percentage of kills by you in the entire game.
 C = Kills by friends in this place as a percentage of kills by friends in the entire game.
 D = Other kills in this place as a percentage of other kills in the entire game.
 E = Experience gained in this place as a percentage of experience gained in the entire game.
 F = Experience gained in this place divided by the number of levels of this place that you have seen.
                   A       B       C       D       E      F
               +-------+-------+-------+-------+-------+----------------------
         Total | 100.0 | 100.0 |  -nan |  -nan | 100.0 |   7.7
       Dungeon | 100.0 | 100.0 |  -nan |  -nan | 100.0 |   7.7
               +-------+-------+-------+-------+-------+----------------------

Vault maps used:
D:1:      saegor_arrival_simple_f, hangedman_glass_teeth
D:2:      minmay_overflow_temple_star_quad, dk_noncrumbling_1
D:3:      okawaru_altar_gauntlet_db, minmay_cut_off, uniq_grinder, uniq_terence,
          uniq_natasha
